Map: Tempio ghiacciato

Players

ELGAND

  • Race: Zerg Zerg
  • League: Gold

Jhyrachy - Winner!

  • Race: Zerg Zerg
  • League: Silver

VOD

Have the link to the VOD?

Description

Time

  • Played on: April 5, 2016, 9:55 a.m.
  • Length: 7:20
Show
View Real Time Build Order
Export as new Build Order

ELGAND Zerg 

Build Orders: Pool First 

Get SALT Encoding   

  12  0:04  Drone  
  13  0:08  Drone  
  14  0:18  Overlord  
  14  0:43  Spawning Pool, Drone x2  
  15  0:50  Extractor  
  15  0:51  Drone  
  15  1:10  Drone  
  15  1:11  Drone  
  17  1:26  Hatchery  
  17  1:31  Drone  
  17  1:42  Queen  
  19  1:52  Metabolic Boost  
  19  1:57  Drone  
  19  1:58  Drone  
  21  2:02  Zergling x2  
  22  2:11  Overlord  
  22  2:30  Drone  
  23  2:37  Drone  
  24  2:46  Drone x2, Roach Warren  
  24  2:48  Queen  
  27  3:02  Zergling x10  
  32  3:10  Extractor  
  31  3:17  Drone x2  
  33  3:35  Drone x3  
  32  3:58  Roach x2  
  32  4:01  Overlord x2  
  36  4:29  Evolution Chamber  
  36  4:30  Evolution Chamber  
  34  4:32  Roach x2  
  38  4:43  Roach x3  
  38  4:44  Zergling x6, Roach  
  49  4:46  Drone  
  49  4:47  Drone x2  
  49  4:52  Hatchery  
  51  5:14  Lair  
  51  5:21  Drone  
  52  5:23  Overlord x3  
  52  5:36  Overlord  
  52  5:48  Drone x5  
  52  5:49  Drone  
  58  6:16  Zergling x2  
  58  6:17  Zergling x18  
  47  6:26  Roach x4  
  41  6:41  Roach x4  
  40  6:57  Roach x3  
  40  6:58  Zergling x2  
Show
View Real Time Build Order
Export as new Build Order

Jhyrachy Zerg - Winner!

Build Orders: Hatch First 

Get SALT Encoding   

  12  0:01  Drone  
  13  0:08  Drone  
  14  0:18  Extractor  
  14  0:20  Drone  
  14  0:21  Extractor  
  13  0:23  Drone  
  16  0:29  Overlord  
  16  0:54  Drone  
  16  0:57  Hatchery  
  16  1:06  Drone, Extractor  
  16  1:07  Drone  
  17  1:15  Drone  
  17  1:18  Overlord  
  18  1:32  Spawning Pool  
  18  1:33  Drone  
  18  1:39  Drone  
  19  1:51  Drone  
  20  2:19  Queen  
  20  2:20  Queen  
  20  2:22  Metabolic Boost  
  24  2:37  Zergling x4  
  24  2:38  Zergling x8  
  30  3:04  Drone  
  30  3:05  Drone x3  
  34  3:32  Baneling Nest  
  33  3:36  Zergling x6  
  30  4:00  Evolution Chamber  
  29  4:10  Hatchery, Queen  
  29  4:13  Zergling x12  
  29  4:15  Overlord x2  
  36  4:23  Baneling  
  36  4:24  Baneling x3  
  36  4:39  Zergling x2  
  36  4:40  Zergling x16  
  45  4:46  Queen  
  45  4:50  Drone x2  
  49  5:15  Zerg Melee Weapons Level 1  
  49  5:33  Zergling x18  
  58  5:47  Overlord x3  
  58  5:48  Overlord  
  54  6:24  Zergling x2  
  54  6:25  Zergling x32  
  68  6:27  Zergling x6  
Tags
 
Add a new tag
Caveats
  • Supply blocks, unpowered buildings, or Contaminate may cause inaccurate times.
  • Supply counts are checked every 10 seconds.